 Dungeon Crawl Stone Soup version 0.28.0-45-g0d030f2227 (webtiles) character file.

Game seed: 5679382726647127244

4 CryoSword the Caller (level 1, -1/13 HPs)
             Began as a Demonspawn Summoner on Apr 21, 2022.
             Slain by a goblin
             ... wielding a +0 dagger
              (3 damage)
             ... on level 1 of the Dungeon.
             The game lasted 00:00:31 (338 turns).

CryoSword the Caller (Demonspawn Summoner)           Turns: 338, Time: 00:00:31

Health: -1/13      AC:  2    Str:  8    XL:     1   Next: 50%
Magic:  0/3        EV: 12    Int: 16    God:
Gold:   25         SH:  0    Dex: 13    Spells: 3/4 levels left

rFire   . . .      SeeInvis .   (no weapon)
rCold   . . .      Faith    .   (no shield)
rNeg    . . .      Spirit   .   a - +0 robe
rPois   .          Reflect  .   (no helmet)
rElec   .          Harm     .   (no cloak)
rCorr   .          Rampage  .   (no gloves)
Will    .....                   (no boots)
Stlth   ++........              (no amulet)
HPRegen 0.04/turn               (no ring)
MPRegen 0.08/turn               (no ring)

@: no status effects
A: no striking features
a: no special abilities


You were on level 1 of the Dungeon.
You visited 1 branch of the dungeon, and saw 1 of its levels.

You collected 25 gold pieces.

Inventory:

Missiles
 e - 5 poisoned darts
Armour
 a - a +0 robe (worn)
Scrolls
 c - a scroll of teleportation {unknown}
Potions
 b - a potion of resistance {unknown}
 d - a potion of curing {unknown}


   Skills:
 + Level 1.8 Dodging
 + Level 1.8 Stealth
 + Level 2.0 Spellcasting
 * Level 4.1 Summonings


You had 3 spell levels left.
You knew the following spells:

 Your Spells              Type           Power      Damage    Failure   Level
a - Summon Small Mammal   Summ           56%        N/A       3%          1

Your spell library contained the following spells:

 Spells                   Type           Power      Damage    Failure   Level
 Call Imp                 Summ           14%        N/A       6%          2
 Call Canine Familiar     Summ           14%        N/A       12%         3
 Summon Guardian Golem    Hex/Summ       8%         N/A       26%         3
 Summon Lightning Spire   Summ/Air       8%         N/A       65%         4


Dungeon Overview and Level Annotations

Branches:
Dungeon (1/15)

Altars:


Message History

Welcome, CryoSword the Demonspawn Summoner.
They say the Orb of Zot lies within this dungeon, but they say a lot of things.
Found a staircase leading out of the dungeon.
You now have 15 gold pieces.
b - an inky potion A hobgoblin comes into view.
The hobgoblin shouts!
A hobgoblin is nearby!
A hobgoblin is nearby!
The hobgoblin closely misses you. The hobgoblin barely misses you.
You barely miss the hobgoblin. The hobgoblin closely misses you.
You hit the hobgoblin. The hobgoblin closely misses you.
You closely miss the hobgoblin. The hobgoblin barely misses you.
Your rat bites the hobgoblin.
You hit the hobgoblin but do no damage. The hobgoblin barely misses you.
Your rat barely misses the hobgoblin.
You closely miss the hobgoblin. The hobgoblin barely misses you.
Your rat completely misses the hobgoblin.
You hit the hobgoblin but do no damage. The hobgoblin completely misses you.
Your rat closely misses the hobgoblin.
You barely miss the hobgoblin. The hobgoblin closely misses you.
Your rat closely misses the hobgoblin.
You closely miss the hobgoblin. The hobgoblin closely misses you.
Your rat misses the hobgoblin. You barely miss the hobgoblin.
The hobgoblin hits you.
Your rat bites the hobgoblin.
You barely miss the hobgoblin. The hobgoblin misses you.
Your rat bites the hobgoblin.
The hobgoblin dies!
Your rat disappears in a puff of smoke!
Your rat disappears in a puff of smoke!
You see here a hobgoblin corpse.
Found a robe.
You now have 25 gold pieces (gained 10).
c - a scroll labelled KETASE QEAMILESO
d - a pink potion
e - 5 poisoned darts You open the door.
Found 23 stones.
A rat comes into view.
Found 15 arrows.
A rat is nearby!
The helpless rat fails to defend itself.
You hit the rat but do no damage. The rat bites you.
The rat closely misses you.
Your bat barely misses the rat.
The rat bites you but does no damage.
You closely miss the rat.
Your bat closely misses the rat.
The rat barely misses you.
You hit the rat.
You kill the rat!
No target in view!
No target in view!
Your bat disappears in a puff of smoke!
Your quokka disappears in a puff of smoke!
A rat comes into view.
A rat is nearby!
A rat is nearby!
The rat bites you but does no damage. The rat bites you but does no damage.
Your rat closely misses the rat.
You hit the rat. The rat closely misses you.
Your rat misses the rat. You barely miss the rat. The rat bites you.
Your rat bites the rat.
The rat dies!
No target in view!
Your rat disappears in a puff of smoke!
Found a stone staircase leading down.
A bat comes into view.
Your rat disappears in a puff of smoke!
A bat is nearby!
A bat is nearby!
A bat is nearby!
You hit the bat. The bat barely misses you.
The bat hits you but does no damage. The bat hits you.
A goblin comes into view. It is wielding a +0 dagger.
Found a scroll labelled XUIREPPUVE.
The bat barely misses you.
You closely miss the bat. The bat hits you.
The bat hits you but does no damage.
A goblin comes into view. It is wielding a +0 dagger.
The goblin shouts! x2
Your bat barely misses the bat.
The bat completely misses your bat. The bat barely misses you.
Your bat hits the bat. The bat misses your bat.
Your quokka bites the bat.
You miss the bat. The bat hits you.
The goblin hits your bat with a +0 dagger.
Your bat hits the goblin.
You swap places.
The bat barely misses you.
The bat hits your quokka but does no damage.
The goblin hits you with a +0 dagger.
You are too injured to fight recklessly!
You are too injured to fight recklessly!
A hobgoblin comes into view.
The bat hits your quokka.
Your bat closely misses the goblin.
The goblin hits your quokka with a +0 dagger.
Your quokka dies!
Your quokka's corpse disappears in a puff of smoke!
The bat hits your bat but does no damage.
Your bat closely misses the bat.
Your bat misses the bat.
Your bat barely misses the goblin.
The goblin misses you.
Your bat completely misses the goblin.
The bat hits you but does no damage. x2
The bat hits you but does no damage. The bat hits you.
The bat closely misses you. The bat misses you. The bat hits you.
The bat barely misses you. The bat hits you but does no damage.
You miscast Summon Small Mammal.
You are very lightly contaminated with residual magic.
Nothing appears to happen.
The bat closely misses you. The goblin misses you.
The bat hits you but does no damage. The bat misses you. x2
The goblin completely misses you. The bat hits you.
Your quokka bites the goblin.
The bat hits you but does no damage. The goblin misses your quokka.
Your quokka misses the goblin.
The goblin barely misses something.
The bat closely misses you.
The goblin hits your quokka but does no damage.
Your magical contamination has completely faded away.
The bat closely misses you.
Your quokka bites the hobgoblin.
The goblin misses your quokka. The bat barely misses you. The bat misses you.
The bat barely misses you. The bat hits you but does no damage.
The bat barely misses you. The bat closely misses you.
The bat hits you but does no damage. The bat closely misses you.
Your quokka barely misses the hobgoblin.
The goblin hits you with a +0 dagger.
* * * LOW HITPOINT WARNING * * *
You miss the goblin. The bat hits you but does no damage.
Your quokka bites the hobgoblin.
The hobgoblin dies!
The goblin hits you with a +0 dagger.
* * * LOW HITPOINT WARNING * * *
Your rat bites the bat.
You hit the bat.
You kill the bat!
Something hits your quokka. The goblin hits you with a +0 dagger.
You die...

#......r.....#......
#.................
###.#........>......
#....###g.##......#.
#....###..##.##...#.
#.(..+..r.##.##...##
#.r.(##...# .##....
###..†.##...#
#....@.##...#
##.####g.r...#
#...######......#
#...'.........###
##...######.......
#...#..........###
#.#.#.#####......
#.....# #...####
###.#.# ###.# ##


You could see a goblin (ally target), a friendly quokka (summoned) and a
friendly rat (summoned).

Vanquished Creatures
  A bat (D:1)
  A rat (D:1)
2 creatures vanquished.

Vanquished Creatures (collateral kills)
  2 hobgoblins (D:1)
  A rat (D:1)
3 creatures vanquished.

Grand Total: 5 creatures vanquished

Notes
Turn   | Place    | Note
-------+----------+-------------------------------------------
     0 | D:1      | CryoSword the Demonspawn Summoner began the quest for the
                  | Orb.
     0 | D:1      | Reached XP level 1. HP: 13/13 MP: 3/3
   338 | D:1      | Slain by a goblin

Illustrated notes

Levels and vault maps discovered:
D:1:      dpeg_chamrin_arrival_tetris, layout_basic, serial_shops,
          nicolae_shop_overgrown_old_shop

Action                   || total
-------------------------++-------
Melee: Unarmed           ||    20
 Cast: Summon Small Mamm ||    10
 Stab: Sleeping          ||     1
Armor: Robe              ||    14
Dodge: Dodged            ||    35
